 Dungeon Crawl Stone Soup version 0.31-a0-217-g58bb5d79cf (webtiles) character file.

Game seed: 12946957803650663514

4215 qw the Skirmisher (level 10, -2/83 (89) HPs)
             Began as a Minotaur Hexslinger on July 2, 2023.
             Slain by a wight
             ... wielding a +5 flail
              (11 damage)
             ... on level 8 of the Dungeon.
             The game lasted 00:04:22 (8049 turns).

qw the Skirmisher (Minotaur Hexslinger)             Turns: 8049, Time: 00:04:22

HP:   -2/83 (89)    AC:  9    Str: 13    XL:     10   Next: 9%
MP:   10/10         EV: 18    Int: 10    God:
Gold: 219           SH:  0    Dex: 17    Spells: 10/11 levels left

rFire   + . .        d - +0 arbalest
rCold   . . .        (shield currently unavailable)
rNeg    . . .        h - +3 ring mail {rF+}
rPois   .            (helmet restricted)
rElec   .            (no cloak)
rCorr   .            (no gloves)
SInv    +            g - +0 pair of boots
Will    .....        b - amulet of faith
Stlth   +            j - +5 ring of evasion
HPRegen 0.33/turn    m - ring of see invisible
MPRegen 0.12/turn

%: faith
@: drained
A: horns 2, retaliatory headbutt
a: no special abilities


You were on level 8 of the Dungeon.
You visited 2 branches of the dungeon, and saw 9 of its levels.
You also visited: Sewer.

You collected 492 gold pieces.
You spent 273 gold pieces at shops.


Innate Abilities, Weirdness & Mutations

You have a pair of horns on your head.
You reflexively headbutt those who attack you in melee.


   Skills:
 + Level 8.3 Fighting
 - Level 13.0 Ranged Weapons
 - Level 3.6 Armour
 - Level 5.0 Dodging
 - Level 1.0 Spellcasting
 - Level 2.0 Hexes


You had 10 spell levels left.
You knew the following spells:

 Your Spells              Type           Power      Damage    Failure   Level
a - Slow                  Hex            16%        N/A       30%         1

Your spell library contained the following spells:

 Spells                   Type           Power      Damage    Failure   Level
 Inner Flame              Hex/Fire       2%         N/A       80%         3
 Portal Projectile        Hex/Tloc       4%         N/A       80%         3
 Cause Fear               Hex            2%         N/A       97%         4

Inventory:

Hand Weapons
 d - a +0 arbalest (weapon)
Armour
 g - a +0 pair of boots (worn)
 h - a +3 ring mail of fire resistance (worn)
Jewellery
 b - an amulet of faith (around neck)
 c - a ring of ice
 f - an amulet of regeneration
 j - a +5 ring of evasion (left hand)
 m - a ring of see invisible (right hand)
 n - a +6 ring of strength
Scrolls
 a - 2 scrolls of identify
 l - a scroll of teleportation {unknown}
Potions
 e - 7 potions of curing
 i - 3 potions of enlightenment
 k - 2 potions of mutation

Dungeon Overview and Level Annotations

Branches:
Dungeon (8/15)             Temple (1/1) D:6           Sewer (visited)
   Lair: D:8-11

Altars:
Cheibriados
Dithmenos
Elyvilon
Gozag
Kikubaaqudgha
Makhleb
Nemelex Xobeh
Qazlal
Ru
Sif Muna
Trog
Vehumet
Wu Jian
Xom
Yredelemnul
The Shining One

Shops:
D:6 !


Message History

The centaur kicks you. The orc hits you but does no damage.
The wight hits you from afar with a +0 spear!
The wight hits you with a +0 flail!
You feel drained. The orc hits you with a +0 flail.
The centaur hits you but does no damage.
The centaur kicks you but does no damage.
The orc hits you but does no damage.
The wight hits you from afar with a +0 spear.
The wight hits you from afar with a +0 halberd.
You feel drained. The centaur hits you.
The centaur kicks you but does no damage.
The orc hits you with a +0 flail.
A wight comes into view. It is wielding a +3 hand axe.
You can move again.
You shoot a bolt. The bolt barely misses the centaur.
The centaur closely misses you. The centaur barely misses you.
The orc closely misses you. The wight misses you. x2
The wight closely misses you. You furiously retaliate!
You headbutt the wight. The wight misses you.
The orc zaps a wand.
You shrug off the repeated paralysis!
The centaur barely misses you. x2
You shoot a bolt.
The bolt hits the centaur but does no damage.
The centaur is heavily wounded.
The centaur barely misses you. The centaur completely misses you.
The orc barely misses you.
The wight hits you from afar with a +0 spear.
The wight misses you. x2; You furiously retaliate!
You headbutt the wight. The wight closely misses you.
The orc hits you with a +0 flail.
The centaur hits you but does no damage.
The centaur closely misses you. The orc closely misses you.
You furiously retaliate!
You headbutt the orc. The orc misses you. The wight barely misses you.
The wight completely misses you.
The wight hits you from afar with a +0 halberd.
The wight barely misses you.
You shoot a bolt. The bolt closely misses the centaur.
The centaur misses you.
The centaur kicks you but does no damage.
The centaur misses you. x2; The orc misses you.
The wight closely misses you. The wight hits you with a +0 flail!
The wight hits you with a +5 flail!
You die...

... ..). ## #.)# ยค##
#.z.# ..### #.).#
....### ##zz..# #.....##
##co...#..
###....########.@z...%..
# ##............zo..%...
####...............%....
##.....#######..........
....#### ##...%.....
..### #......... ###
##.%....... #
##.......... ######
##..........


You could see a centaur, 5 wights and 2 orcs.

Vanquished Creatures
  Prince Ribbit (D:5)
  A steam dragon (D:8)
  Menkaure (D:5)
  Duvessa (D:4)
  A water moccasin (D:7)
  An ice beast (D:5)
  An orc warrior (D:8)
  3 centaurs
  2 ogres
  A phantom (D:4)
  9 kobold brigands
  2 bullfrogs
  8 wights
  Dowan (D:4)
  5 electric eels (D:7)
  2 jellies
  6 hounds
  3 gnoll boudas (D:6)
  3 orc priests
  4 sleepcaps
  10 iguanas
  5 orc wizards
  23 gnolls
  A river rat (D:5)
  10 adders
  A shadow imp (D:6)
  A white imp (D:7)
  3 ufetubi
  2 dart slugs
  32 orcs
  6 endoplasms
  14 giant cockroaches
  2 goblins
  10 hobgoblins
  4 jackals
  6 quokkas
  12 ball pythons
  6 bats
  17 frilled lizards
  53 kobolds
  9 rats
283 creatures vanquished.

Notes
Turn   | Place    | Note
-------+----------+-------------------------------------------
     0 | D:1      | qw the Minotaur Hexslinger began the quest for the Orb.
     0 | D:1      | Reached XP level 1. HP: 16/16 MP: 1/1
     0 | D:1      | 0 ||| qw: Version: 0.3-a-40-ge99b1a8
     0 | D:1      | 0 ||| qw: Game counter: 155
     0 | D:1      | 0 ||| qw: Melee chars always use a shield: true
     0 | D:1      | 0 ||| qw: God list: Okawaru
     0 | D:1      | 0 ||| qw: Allow faded altars: false
     0 | D:1      | 0 ||| qw: Do Orc after clearing Dungeon:15 true
     0 | D:1      | 0 ||| qw: Do second Lair branch before Depths: true
     0 | D:1      | 0 ||| qw: Lair rune preference: random
     0 | D:1      | 0 ||| qw: Goals: Normal
     0 | D:1      | 0 ||| PLANNING D:1-11
   124 | D:1      | Reached skill level 3 in Ranged Weapons
   156 | D:1      | Reached XP level 2. HP: 23/23 MP: 2/2
   456 | D:1      | Reached XP level 3. HP: 29/29 MP: 3/3
   617 | D:1      | 617 ||| UPGRADING to +0 leather armour.
   627 | D:1      | 627 ||| DROPPING +0 robe.
   628 | D:1      | 628 ||| UPGRADING to +0 ring mail.
   638 | D:1      | 638 ||| DROPPING +0 leather armour.
   639 | D:1      | 639 ||| UPGRADING to +5 ring of evasion.
   640 | D:1      | 640 ||| READING 3 scrolls labelled VETROIN QIONEN.
   641 | D:1      | 641 ||| READING scroll labelled XAAGIE LODWYS.
   642 | D:1      | 642 ||| READING scroll labelled YNWUIW ZACERUU.
   643 | D:1      | 643 ||| READING 2 scrolls of identify.
   643 | D:1      | 643 ||| IDENTIFYING fuming purple potion
   644 | D:1      | 644 ||| DROPPING scroll of poison.
   700 | D:2      | 700 ||| FLEEEEING.
   813 | D:2      | Reached skill level 4 in Ranged Weapons
   957 | D:2      | Reached skill level 1 in Armour
   959 | D:2      | Reached XP level 4. HP: 32/36 MP: 4/4
  1004 | D:2      | Found a faded altar of an unknown god.
  1137 | D:2      | 1137 ||| UPGRADING to +0 pair of boots.
  1142 | D:2      | 1142 ||| UPGRADING to amulet of regeneration.
  1147 | D:2      | 1147 ||| UPGRADING to +6 ring of strength.
  1148 | D:2      | 1148 ||| READING scroll labelled BAGISETYCS.
  1149 | D:2      | 1149 ||| READING scroll labelled OFOKAPNUMA.
  1150 | D:2      | 1150 ||| READING 2 scrolls of identify.
  1150 | D:2      | 1150 ||| IDENTIFYING metallic puce potion
  1151 | D:2      | 1151 ||| DROPPING potion of lignification.
  1364 | D:3      | Found a shimmering altar of Xom.
  1387 | D:3      | Reached skill level 5 in Ranged Weapons
  1617 | D:3      | Reached XP level 5. HP: 41/41 MP: 5/5
  1810 | D:3      | Found a shimmering blue altar of Sif Muna.
  1984 | D:3      | 1984 ||| UPGRADING to +0 ring mail of fire resistance.
  1994 | D:3      | 1994 ||| DROPPING +0 ring mail.
  2023 | D:3      | 2023 ||| READING 2 scrolls of identify.
  2023 | D:3      | 2023 ||| IDENTIFYING red potion
  2047 | D:4      | 2047 ||| STAIRDANCE
  2059 | D:4      | 2059 ||| STAIRDANCE
  2075 | D:4      | 2075 ||| STAIRDANCE
  2094 | D:4      | Reached skill level 3 in Fighting
  2122 | D:4      | Noticed a phantom
  2139 | D:4      | Killed a phantom
  2140 | D:4      | Reached skill level 6 in Ranged Weapons
  2140 | D:4      | Reached XP level 6. HP: 42/51 MP: 6/6
  2267 | D:4      | Noticed Dowan
  2267 | D:4      | Noticed Duvessa
  2287 | D:4      | Killed Duvessa
  2290 | D:4      | Killed Dowan
  2291 | D:4      | Reached skill level 7 in Ranged Weapons
  2291 | D:4      | Reached XP level 7. HP: 46/60 MP: 7/7
  2405 | D:4      | Found a radiant altar of Vehumet.
  2472 | D:4      | Reached skill level 8 in Ranged Weapons
  2527 | D:4      | 2527 ||| SWAPPING to +0 sling of draining.
  2553 | D:4      | Identified the +12 morningstar of Dawn {antimagic, Fly
                  | Str+2 Stlth+}
  2661 | D:4      | Identified the +0 robe "Fuam" {Harm rPois rCorr Dex-3}
  2992 | D:4      | 2992 ||| UPGRADING to +3 ring mail of fire resistance.
  3002 | D:4      | 3002 ||| DROPPING +0 ring mail of fire resistance.
  3003 | D:4      | 3003 ||| DROPPING +0 robe "Fuam" {Harm rPois rCorr Dex-3}.
  3004 | D:4      | 3004 ||| READING scroll labelled TEHIMI DOHORI.
  3028 | D:5      | Entered Level 5 of the Dungeon
  3028 | D:5      | Found an opulent altar of Gozag.
  3028 | D:5      | Found a snail-covered altar of Cheibriados.
  3029 | D:5      | 3029 ||| PLANNING SEWER
  3064 | D:5      | Noticed Menkaure
  3080 | D:5      | Reached skill level 9 in Ranged Weapons
  3080 | D:5      | Reached XP level 8. HP: 44/68 MP: 8/8
  3081 | D:5      | Killed Menkaure
  3082 | D:5      | Reached skill level 3 in Dodging
  3090 | D:5      | 3090 ||| FLEEEEING.
  3099 | D:5      | 3099 ||| Stepping ~*~*~tactically~*~*~ (outnumbered).
  3111 | D:5      | Reached skill level 6 in Fighting
  3136 | D:5      | 3136 ||| DRINKING 6 potions of curing.
  3136 | D:5      | 3136 ||| (to cure confusion)
  3138 | D:5      | 3138 ||| DRINKING 5 potions of curing.
  3138 | D:5      | 3138 ||| (to cure confusion)
  3203 | D:5      | Found the +7 great mace "Undeadhunter" {deathbane, rN+}
  3228 | D:5      | Found a glowing drain.
  3234 | D:5      | 3234 ||| UPGRADING to amulet of faith.
  3248 | Sewer    | Entered a sewer
  3252 | Sewer    | 3252 ||| Stepping ~*~*~tactically~*~*~ (water).
  3260 | Sewer    | 3260 ||| Stepping ~*~*~tactically~*~*~ (water).
  3265 | Sewer    | 3265 ||| Stepping ~*~*~tactically~*~*~ (water).
  3330 | Sewer    | 3330 ||| Stepping ~*~*~tactically~*~*~ (water).
  3342 | Sewer    | 3342 ||| Stepping ~*~*~tactically~*~*~ (water).
  3399 | Sewer    | 3399 ||| Stepping ~*~*~tactically~*~*~ (water).
  3658 | Sewer    | 3658 ||| UPGRADING to ring of see invisible.
  3679 | D:5      | 3679 ||| PLANNING D:1-11
  3710 | D:5      | Found a white marble altar of Elyvilon.
  3729 | D:5      | Found an ancient bone altar of Kikubaaqudgha.
  3927 | D:5      | Noticed Prince Ribbit
  3942 | D:5      | Killed Prince Ribbit
  3943 | D:5      | Reached skill level 10 in Ranged Weapons
  4172 | D:5      | 4172 ||| FLEEEEING.
  4198 | D:5      | 4198 ||| FLEEEEING.
  4307 | D:5      | 4307 ||| Stepping ~*~*~tactically~*~*~ (outnumbered).
  4313 | D:5      | Reached XP level 9. HP: 66/79 MP: 9/9
  4353 | D:5      | 4353 ||| DRINKING 4 potions of curing.
  4353 | D:5      | 4353 ||| (to cure confusion)
  4418 | D:5      | 4418 ||| FLEEEEING.
  4419 | D:5      | 4419 ||| FLEEEEING.
  4420 | D:5      | 4420 ||| FLEEEEING.
  4590 | D:5      | Reached skill level 11 in Ranged Weapons
  4784 | D:5      | 4784 ||| READING scroll labelled VOSONEAT UFFUS.
  4898 | D:5      | 4898 ||| READING 2 scrolls of identify.
  4898 | D:5      | 4898 ||| IDENTIFYING murky sapphire potion
  4899 | D:5      | 4899 ||| DROPPING potion of degeneration.
  4941 | D:6      | Found Ecurhaiq's Distillery.
  4948 | D:6      | 4948 ||| BUYING 2 potions of enlightenment (130 gold).
  4948 | D:6      | Bought 2 potions of enlightenment for 130 gold pieces
  4948 | D:6      | 4948 ||| BUYING potion of curing (39 gold).
  4948 | D:6      | Bought a potion of curing for 39 gold pieces
  4948 | D:6      | 4948 ||| BUYING potion of curing (39 gold).
  4948 | D:6      | Bought a potion of curing for 39 gold pieces
  4948 | D:6      | 4948 ||| BUYING potion of enlightenment (65 gold).
  4948 | D:6      | Bought a potion of enlightenment for 65 gold pieces
  4948 | D:6      | 4948 ||| SHOPLISTING potion of heal wounds (65 gold, have
                  | 28).
  4948 | D:6      | 4948 ||| SHOPLISTING potion of might (52 gold, have 28).
  4970 | D:6      | Found a staircase to the Ecumenical Temple.
  4971 | D:6      | 4971 ||| PLANNING TEMPLE
  4978 | Temple   | Entered the Ecumenical Temple
  4979 | Temple   | 4979 ||| PLANNING D:1-11
  5055 | D:6      | Reached skill level 3 in Armour
  5130 | D:6      | 5130 ||| SWAPPING to +0 orcbow.
  5131 | D:6      | 5131 ||| DROPPING +1 sling.
  5132 | D:6      | 5132 ||| DROPPING +0 sling of draining.
  5532 | D:6      | 5532 ||| FLEEEEING.
  5533 | D:6      | 5533 ||| FLEEEEING.
  5534 | D:6      | 5534 ||| FLEEEEING.
  5535 | D:6      | 5535 ||| FLEEEEING.
  5536 | D:6      | 5536 ||| FLEEEEING.
  5540 | D:6      | 5540 ||| Stepping ~*~*~tactically~*~*~ (outnumbered).
  5742 | D:6      | 5742 ||| Stepping ~*~*~tactically~*~*~ (outnumbered).
  5943 | D:6      | 5943 ||| Stepping ~*~*~tactically~*~*~ (outnumbered).
  5952 | D:6      | Reached skill level 12 in Ranged Weapons
  6015 | D:6      | 6015 ||| READING 3 scrolls of identify.
  6015 | D:6      | 6015 ||| IDENTIFYING pink potion
  6477 | D:7      | 6477 ||| FLEEEEING.
  6547 | D:7      | 6547 ||| FLEEEEING.
  6610 | D:7      | 6610 ||| FLEEEEING.
  6611 | D:7      | 6611 ||| FLEEEEING.
  6729 | D:7      | 6729 ||| FLEEEEING.
  6730 | D:7      | 6730 ||| FLEEEEING.
  6731 | D:7      | 6731 ||| FLEEEEING.
  6777 | D:7      | HP: 20/81 [electric eel/bolt of electricity (7)]
  6778 | D:7      | 6778 ||| DRINKING potion of heal wounds.
  6783 | D:7      | 6783 ||| FLEEEEING.
  6784 | D:7      | 6784 ||| FLEEEEING.
  6785 | D:7      | 6785 ||| FLEEEEING.
  6786 | D:7      | 6786 ||| FLEEEEING.
  6787 | D:7      | 6787 ||| FLEEEEING.
  6788 | D:7      | 6788 ||| FLEEEEING.
  6789 | D:7      | 6789 ||| FLEEEEING.
  6790 | D:7      | 6790 ||| FLEEEEING.
  6791 | D:7      | 6791 ||| FLEEEEING.
  6792 | D:7      | 6792 ||| FLEEEEING.
  6793 | D:7      | 6793 ||| FLEEEEING.
  6794 | D:7      | 6794 ||| FLEEEEING.
  6795 | D:7      | 6795 ||| FLEEEEING.
  6796 | D:7      | 6796 ||| FLEEEEING.
  6799 | D:7      | 6799 ||| FLEEEEING.
  6800 | D:7      | 6800 ||| FLEEEEING.
  6801 | D:7      | 6801 ||| FLEEEEING.
  6802 | D:7      | 6802 ||| FLEEEEING.
  6803 | D:7      | 6803 ||| FLEEEEING.
  6956 | D:7      | 6956 ||| FLEEEEING.
  6989 | D:7      | 6989 ||| FLEEEEING.
  7044 | D:7      | 7044 ||| FLEEEEING.
  7048 | D:7      | 7048 ||| FLEEEEING.
  7049 | D:7      | 7049 ||| FLEEEEING.
  7203 | D:7      | 7203 ||| READING scroll labelled ESILIHYLIC.
  7204 | D:7      | 7204 ||| READING scroll labelled EVYMIKH UCOAL.
  7207 | D:7      | 7207 ||| FLEEEEING.
  7208 | D:7      | 7208 ||| FLEEEEING.
  7209 | D:7      | 7209 ||| FLEEEEING.
  7210 | D:7      | 7210 ||| FLEEEEING.
  7211 | D:7      | 7211 ||| FLEEEEING.
  7212 | D:7      | 7212 ||| FLEEEEING.
  7213 | D:7      | 7213 ||| FLEEEEING.
  7214 | D:7      | 7214 ||| FLEEEEING.
  7216 | D:7      | HP: 19/81 [electric eel/bolt of electricity (15)]
  7556 | D:7      | 7556 ||| READING 3 scrolls of identify.
  7556 | D:7      | 7556 ||| IDENTIFYING bubbling pink potion
  7557 | D:7      | 7557 ||| DROPPING potion of berserk rage.
  7584 | D:8      | Found a sacrificial altar of Ru.
  7695 | D:8      | 7695 ||| FLEEEEING.
  7696 | D:8      | 7696 ||| FLEEEEING.
  7697 | D:8      | 7697 ||| FLEEEEING.
  7698 | D:8      | 7698 ||| FLEEEEING.
  7699 | D:8      | 7699 ||| FLEEEEING.
  7700 | D:8      | 7700 ||| FLEEEEING.
  7704 | D:8      | 7704 ||| STAIRDANCE
  7776 | D:7      | 7776 ||| READING 3 scrolls of identify.
  7776 | D:7      | 7776 ||| IDENTIFYING cyan potion
  7777 | D:7      | 7777 ||| DROPPING potion of invisibility.
  7787 | D:8      | 7787 ||| FLEEEEING.
  7791 | D:8      | 7791 ||| STAIRDANCE
  7871 | D:8      | 7871 ||| SWAPPING to +0 arbalest.
  7872 | D:8      | 7872 ||| DROPPING +0 orcbow of flaming.
  7980 | D:8      | Reached XP level 10. HP: 84/85 MP: 10/10
  8009 | D:8      | Reached skill level 13 in Ranged Weapons
  8042 | D:8      | Paralysed by an orc for 5 turns
  8048 | D:8      | HP: 20/83 [wight/+0 spear (4)]
  8049 | D:8      | HP: 9/83 [wight/+0 flail (9)]
  8049 | D:8      | Slain by a wight

Levels and vault maps discovered:
D:1:      minmay_arrival_shoal_huts, layout_basic,
          hangedman_decor_clover_reticule
D:2:      layout_basic, chequers_ecumenical_altar_twisty,
          kennysheep_generic_room_15
D:3:      layout_basic, mainiacjoe_overflow_boulevard, general_overflow_altar
D:4:      layout_basic, nicolae_vehumet_radiance, reono_crystal_passage,
          uniq_duvessa
D:5:      minmay_goblin_kobold_castle, layout_loops_ring, elyvilon_altar_1,
          chequers_temple_overflow_statue_of_worship,
          mainiacjoe_overflow_catwalk, portal_sewer_entry_c, minmay_between,
          uniq_prince_ribbit1, uniq_menkaure
D:6:      layout_basic, minmay_temple_entry_overgrown, serial_shops,
          nicolae_shop_industrial_runoff, kennysheep_generic_room_9
D:7:      layout_basic, serial_bayou, serial_bayou_lagoon_a,
          serial_bayou_shore_b, serial_bayou_ford_a, serial_bayou_pond_d,
          item_on_display_a
D:8:      layout_cave_pods, mainiacjoe_overflow_paths, minitemple,
          minmay_lizard_king
Temple:   hellmonk_temple_micro_hex

Skill      XL: |  1  2  3  4  5  6  7  8  9 10 |
---------------+-------------------------------+-----
Ranged Weapons | 3 4 5 6 7 9 10 12 13 | 13.0
Fighting       | 2 3 4 5 7 8 |  8.3
Armour         | 1 2 3 |  3.6
Dodging        | 3 5 |  5.0
Spellcasting   | |  1.0
Hexes          | |  2.0

Action                     |  1- 3 |  4- 6 |  7- 9 | 10-12 || total
---------------------------+-------+-------+-------+-------++-------
   Fire: Sling             |   114 |   143 |   483 |       ||   740
         Orcbow            |       |       |   216 |       ||   216
         Arbalest          |       |       |     3 |    43 ||    46
    Use: Scroll            |     4 |     4 |     8 |       ||    16
         Potion            |       |       |     4 |       ||     4
 Armour: Robe              |     2 |       |       |       ||     2
         Ring mail         |     6 |    21 |    74 |    22 ||   123
  Dodge: Dodged            |    29 |   102 |   284 |    43 ||   458

Table legend:
 A = Non-vault XP
 B = Vault XP
 C = Vault XP percentage of total XP
 D = Non-vault monster count
 E = Vault monster count
 F = Vault count percentage of total count
                 A         B        C        D         E       F
            +---------+---------+-------+---------+---------+-------
      Total |    3922 |    2100 |  34.9 |     174 |     109 |  38.5
            +---------+---------+-------+---------+---------+-------
        D:1 |      46 |       0 |   0.0 |      30 |       0 |   0.0
        D:2 |      59 |      14 |  19.2 |      17 |       2 |  10.5
        D:3 |      79 |       0 |   0.0 |      13 |       0 |   0.0
        D:4 |     913 |     222 |  19.6 |      25 |       2 |   7.4
        D:5 |     457 |    1426 |  75.7 |      24 |      71 |  74.7
        D:6 |     690 |     139 |  16.8 |      23 |       2 |   8.0
        D:7 |     894 |       0 |   0.0 |      27 |       0 |   0.0
        D:8 |     784 |     150 |  16.1 |      15 |       8 |  34.8
      Sewer |       0 |     149 | 100.0 |       0 |      24 | 100.0
            +---------+---------+-------+---------+---------+-------
